 Dungeon Crawl Stone Soup version 0.24-a0-230-g536ed4e (webtiles) character file.

Game seed: 9885306369426845716

88 Hylith the Skirmisher (level 4, -4/37 HPs)
             Began as a Formicid Abyssal Knight on Apr 2, 2019.
             Was a Believer of Lugonu.
             Killed from afar by an orc wizard (5 damage)
             ... with a magic dart
             ... on level 3 of the Dungeon.
             The game lasted 00:06:57 (1605 turns).

Hylith the Skirmisher (Formicid Abyssal Knight)     Turns: 1605, Time: 00:06:57

Health: -4/37      AC:  6    Str: 17    XL:     4   Next: 82%
Magic:  0/6        EV:  5    Int: 12    God:    Lugonu [**....]
Gold:   114        SH: 16    Dex: 10    Spells: 3/3 levels left

rFire    . . .     SeeInvis +   a - +1 falchion
rCold    . . .     Gourm    .   l - +0 large shield
rNeg     . . .     Faith    .   d - +0 scale mail
rPois    .         Spirit   +   (helmet unavailable)
rElec    .         Reflect  +   b - scarf {Spirit}
rCorr    .         Harm     .   (no gloves)
MR       .....                  (no boots)
Stlth    ..........             m - +5 amulet of reflection
HPRegen  0.12/turn              (no ring)
MPRegen  0.10/turn              (no ring)

@: no status effects
A: permanent stasis, dig shafts and tunnels, four strong arms, antennae 3
a: Dig, Shaft Self, Depart the Abyss, Bend Space, Renounce Religion


You were on level 3 of the Dungeon.
You worshipped Lugonu.
Lugonu was pleased with you.
You were not hungry.

You visited 1 branch of the dungeon, and saw 3 of its levels.
You visited the Abyss 1 time.

You collected 114 gold pieces.

Inventory:

Hand Weapons
 a - a +1 falchion (weapon)
Missiles
 o - 2 javelins (quivered)
Armour
 b - a scarf of spirit shield (worn)
 d - a +0 scale mail (worn)
 l - a +0 large shield (worn)
Jewellery
 m - a +5 amulet of reflection (around neck)
Wands
 i - a wand of polymorph (9)
Scrolls
 f - a scroll of fear {unknown}
 j - 5 scrolls of remove curse {unknown}
 n - a scroll of fog {unknown}
 q - a scroll of identify {unknown}
 r - a scroll of random uselessness {unknown}
Potions
 e - a potion of agility {unknown}
 g - 3 potions of curing {unknown}
 h - a potion of brilliance {unknown}
 k - a potion of might {unknown}
Comestibles
 c - 3 rations
 p - 4 chunks of flesh


   Skills:
 + Level 4.0 Fighting
 * Level 3.4 Long Blades
 + Level 2.6 Armour
 - Level 1.0 Dodging
 + Level 0.7 Shields
 * Level 2.8 Invocations


You had 3 spell levels left.
You didn't know any spells.
Your spell library was empty.

Dungeon Overview and Level Annotations

Branches:
Dungeon (3/15)

Altars:
Ru


Innate Abilities, Weirdness & Mutations

You cannot be hasted, slowed, berserked, paralysed or teleported.
You can dig through walls and to a lower floor.
Your four strong arms can wield two-handed weapons with a shield.
You have a pair of large antennae on your head. (SInv)


Message History

Lugonu accepts your kill.
The orc wizard points at you and mumbles some strange words.
Your stasis prevents you from being slowed.
The orc wizard hits you but does no damage.
Unknown command.
You hit the orc wizard.
The orc wizard is severely wounded.
The orc wizard is no longer moving quickly.
You block the orc wizard's attack.
The orc wizard hits you with a +0 dagger.
* * * LOW HITPOINT WARNING * * *
The orc wizard casts a spell at you. The magic dart hits you!
* * * LOW HITPOINT WARNING * * *
You block the orc wizard's attack.
You hit the orc wizard.
The orc wizard is almost dead.
The orc wizard gestures at you while chanting.
The magic dart hits you.
You die...

# .# ##### # .# #...#### ##
.# ##....... #. ..
##....#### #. .# #.....# #
#.## ?# #.##...## #
...###..##o# #......# #
#.......o@o# #####.## #
.#####รท#### #.# # #.# ##'##
# #.# ##...## # ###.#####
##.....## # #.......#
##.......###
##.####.#.....###.........##
................+.........+.
##.####.#.....###.....<...##


You could see 2 orc wizards and an orc.

Vanquished Creatures
  Robin (D:3)
  2 adders (D:2)
  2 worms
  A dart slug (D:2)
  2 leopard geckos
  3 orcs (D:3)
  12 goblins
  3 hobgoblins
  6 kobolds
  A quokka (D:2)
  4 bats
  4 frilled lizards
  4 rats
45 creatures vanquished.

Vanquished Creatures (others)
  A goblin (D:3)
1 creature vanquished.

Grand Total: 46 creatures vanquished

Notes
Turn   | Place    | Note
-------+----------+-------------------------------------------
     0 | Abyss:1  | Hylith the Formicid Abyssal Knight began the quest for the
                  | Orb.
     0 | Abyss:1  | Reached XP level 1. HP: 18/18 MP: 2/2
    62 | Abyss:1  | Noticed a ynoxinul
   132 | D:1      | Escaped the Abyss
   278 | D:1      | Reached XP level 2. HP: 18/24 MP: 3/3
   344 | D:1      | Reached * piety under Lugonu
   838 | D:2      | Reached skill level 1 in Dodging
   903 | D:2      | Reached XP level 3. HP: 24/30 MP: 1/4
  1013 | D:2      | Found a sacrificial altar of Ru.
  1157 | D:2      | Reached XP level 4. HP: 33/37 MP: 3/5
  1403 | D:3      | Noticed Robin
  1444 | D:3      | Killed Robin
  1525 | D:3      | Reached ** piety under Lugonu
  1592 | D:3      | Reached skill level 4 in Fighting
  1604 | D:3      | HP: 1/37 [orc wizard/magic dart (7)]
  1605 | D:3      | Killed from afar by an orc wizard

Levels and vault maps discovered:
D:1:      dpeg_arrival_erosion, layout_basic
D:2:      layout_basic, hangedman_ru_absence
D:3:      layout_loops_corners, chequers_temple_overflow_statue_of_worship,
          grunt_ministairs_5, uniq_robin
Abyss:1

Skill      XL: |  1  2  3  4 |
---------------+-------------+-----
Dodging        | 1 |  1.0
Long Blades    | 3 |  3.4
Fighting       | 4 |  4.0
Armour         | |  2.6
Shields        | |  0.7
Invocations    | |  2.8

Action                   |  1- 3 |  4- 6 || total
-------------------------+-------+-------++-------
Melee: Falchion          |    81 |    85 ||   166
Invok: Depart the Abyss  |     1 |       ||     1
 Abil: Dig               |     3 |     3 ||     6
  Eat: Chunk             |     1 |     2 ||     3
Armor: Scale mail        |    47 |    26 ||    73
Dodge: Dodged            |    42 |     4 ||    46
Block: Large shield      |    12 |    72 ||    84
       Reflection        |       |     4 ||     4
       Rpst.: Falchion   |    11 |     2 ||    13

Table legend:
 A = Non-vault XP
 B = Vault XP
 C = Vault XP percentage of total XP
 D = Non-vault monster count
 E = Vault monster count
 F = Vault count percentage of total count
                 A         B        C        D         E       F
            +---------+---------+-------+---------+---------+-------
      Total |      99 |      28 |  22.0 |      38 |       8 |  17.4
            +---------+---------+-------+---------+---------+-------
        D:1 |      19 |       0 |   0.0 |      11 |       0 |   0.0
        D:2 |      56 |       0 |   0.0 |      17 |       0 |   0.0
        D:3 |      24 |      28 |  53.8 |      10 |       8 |  44.4
            +---------+---------+-------+---------+---------+-------
